cohdb
Replays
Latest Replays
All Replays
Popular Replays
Top Player Replays
Match Explorer
How It Works
Community
CoH3 Stats
Reddit
Sign in to upload your games and track your stats! →
Sign in with Steam
Handling OP Units Against the Top 1 Player - Reakly vs Rei
Match 38947303
Overview
Messages
Build Orders
End
Pioneer Squad
Construct Infanterie Kompanie
Grenadier Squad
Selects Breakthrough Battlegroup
Selects Assault Grenadiers
Grenadier Squad
Grenadier Squad
Infanterie Officer Quarters
Selects Rapid Production
Grenadier Squad
Construct Luftwaffe Kompanie
221 Scout Car
Medical Station
Jäger Squad
Luftwaffe Officer Quarters
Selects Blitzkrieg
Jäger Squad
Selects Tiger Heavy Tank
Tiger Heavy Tank
Selects Smoke Bombing Run
Selects Incendiary Bombing Run
Pioneer Squad
Construct Panzer Kompanie
Incendiary Bombing Run
Panzer IV Medium Tank
Reakly
Rei
0
0
Comments
sign in to comment!
No comments posted yet!